Get step-by-step instructions on how to execute this build order below. Start the game timer, and the build order will tick by so you can play in parallel with StarCraft on a second screen or mobile device.

Game Time

  0:00

Last Step

  N/A

Next Step

Upcoming Step



Don't want to look back and forth between 2 screens? Try out our Overwolf App, the Spawning Tool Build Advisor to get an in-game overlay with this build!

Complete Build Order

  12  0:04  Infested SCV  
  13  0:13  Unknown  
  13  0:28  Infested Barracks  
  13  0:39  Infested SCV  
  14  0:44  Overlord  
  14  1:18  Infested SCV x3  
  14  1:19  Infested SCV  
  18  1:30  Infestation Level 1  
  18  1:42  Infested Refinery  
  18  1:50  Infested Refinery  
  18  1:57  Infested SCV x2  
  20  2:07  Overlord  
  20  2:21  Infested SCV  
  20  2:26  Overlord  
  21  2:57  Infested Marine x7  
  21  2:58  Infested Marine x11  
  39  3:54  Overlord x2  
  39  3:55  Overlord x3  
  39  4:07  Infested Factory, Infested Barracks Tech Lab  
  21  4:12  Infested SCV  
  21  4:17  Unknown  
  22  4:31  Infested SCV  
  23  4:46  Infested Engineering Bay  
  23  4:51  Infested SCV  
  23  4:58  Retinal Augmentation  
  24  5:17  Infested Armory  
  24  5:20  Infested Marine  
  24  5:21  Infested Marine x12  
  24  5:29  Infested Factory Tech Lab  
  37  5:33  Infested SCV  
  37  5:39  Infested SCV  
  39  5:42  Infested SCV  
  39  5:47  Infested SCV  
  41  6:18  Regenerative Plating  
  41  6:24  Infested Marine x5  
  41  6:25  Infested Marine x9  
  42  6:59  Infestation Level 2  
  42  7:18  Stukov Infantry Weapons Level 1  
  41  7:26  Infested Marine  
  41  7:27  Infested Marine x14  
  41  7:28  Infested Marine x3  
  52  7:33  Infested SCV x3  
  52  7:35  Infested SCV  
  40  7:53  Infested SCV x2  
  42  8:09  Infested SCV  
  33  8:21  Infested SCV  
  26  9:02  Infested SCV x2  
  32  9:10  Infested Bunker  
  36  9:42  Infested Bunker  
  36  9:48  Infested Missile Turret  
  36  9:53  Infested Marine  
  36  9:54  Infested Marine x15  
  52  10:07  Infested SCV x3  
  55  10:46  Infested Command Center  
  55  11:04  Infested SCV  
  40  11:21  Infestation Level 3  
  40  11:30  Saturated Cultures  
  40  12:08  Infested Bunker  
  44  12:53  Infested SCV x3  
  44  12:54  Infested SCV  
  48  13:05  Infested Bunker  
  52  13:39  Infested Barracks, Stukov Vehicle and Ship Weapons Level 1  
  52  13:57  Aggressive Incubation  
  52  14:06  Anaerobic Enhancement  
  52  14:09  Calcified Armor  
  52  14:19  Infested SCV  
  53  14:20  Infested SCV x4  
  53  14:25  Overlord  
  57  15:03  Unknown  
  57  15:09  Stukov Infantry Weapons Level 2  
  57  15:15  Overseer x3  
  57  15:16  Overseer x3  
  57  15:20  Unknown  
  57  15:31  Infested Factory  
  57  15:51  Infested Factory  
  57  15:52  Infested Bunker  
  61  16:00  Automated Mitosis  
  61  16:04  Infested Diamondback x3  
  70  16:16  Infested Marine  
  70  16:17  Infested Marine x9  
  70  16:18  Infested Marine x7  
  70  16:19  Stukov Vehicle and Ship Armor Level 1  
  87  16:45  Infested Marine  
  87  16:46  Infested Marine x13  
  88  17:06  Infested Marine  
  88  17:07  Infested Marine x9  
  88  17:08  Infested Marine x8  
  98  17:28  Infested Marine  
  98  17:29  Infested Marine x12  
  82  18:17  Infested Diamondback x3  
  82  18:18  Infested Diamondback x2  
  82  18:19  Stukov Infantry Armor Level 1  
  84  18:38  Infested Diamondback  
  87  18:44  Infested SCV x4  
  91  18:50  Infested Refinery  
  91  18:52  Infested SCV  
  91  18:54  Infested Refinery  
  91  18:55  Overlord x3  
  91  18:56  Overlord x2  
  91  18:59  Stukov Vehicle and Ship Weapons Level 2  
  92  19:21  Infested Marine  
  92  19:22  Infested Marine x14  
  92  19:23  Infested Marine x18  
  125  19:57  Infested SCV  
  125  19:58  Infested SCV x3  
  129  20:04  Unknown  
  129  20:13  Infested SCV  
  129  20:17  Overlord x2  
  129  20:18  Overlord x3  
  129  20:34  Infested Marine  
  129  20:35  Infested Marine x8  
  129  20:36  Infested Marine x11  
  129  20:37  Infested Marine x2  
  119  20:45  Infested Marine  
  119  20:46  Infested Marine x2  
  122  20:59  Infested Diamondback  
  125  21:00  Infested Diamondback x2  
  95  22:19  Infested Diamondback  
  86  22:20  Infested Diamondback x6  
  98  22:38  Infested Marine  
  98  22:39  Infested Marine x10  
  109  22:40  Infested Marine x12